 Dungeon Crawl Stone Soup version 0.30-a0-172-gc5509c9e31 (webtiles) character file.

Game seed: 9112594153698790226

119 Zonian the Sneak (level 5, -1/27 HPs)
             Began as a Vine Stalker Brigand on Oct 1, 2022.
             Slain by a black bear (2 damage)
             ... on level 4 of the Dungeon.
             The game lasted 00:05:29 (3685 turns).

Zonian the Sneak (Vine Stalker Brigand)             Turns: 3685, Time: 00:05:29

Health: -1/27      AC:  4    Str: 14    XL:     5   Next: 3%
Magic:  0/6        EV: 12    Int: 11    God:
Gold:   147        SH:  0    Dex: 17    Spells: 4/4 levels left

rFire   . . .      SeeInvis .    l - +1 dagger (venom)
rCold   . . .      Faith    .    r - orb {*Rage}
rNeg    . . .      Spirit   +    b - +0 robe
rPois   .          Reflect  .    k - +0 helmet
rElec   .          Harm     .    c - +0 cloak
rCorr   .          Rampage  .    (no gloves)
Will    .....      Rage     20%  (no boots)
Stlth   +++.......               m - amulet of magic regeneration
HPRegen 1.04/turn                (no ring)
MPRegen 0.50/turn                (no ring)

@: no status effects
A: fangs 2, regeneration 1, magic shield, antimagic bite, no potion heal 2
a: no special abilities


You were on level 4 of the Dungeon.
You visited 1 branch of the dungeon, and saw 4 of its levels.

You collected 147 gold pieces.

Inventory:

Hand Weapons
 a - a +2 dagger
 l - a +1 dagger of venom (weapon)
 o - a +2 vampiric dagger
Armour
 b - a +0 robe (worn)
 c - a +0 cloak (worn)
 h - a +0 leather armour
 k - a +0 helmet (worn)
 r - an orb of wrath (worn)
Jewellery
 m - an amulet of magic regeneration (around neck)
Scrolls
 p - a scroll of teleportation {unknown}
 q - a scroll of amnesia {unknown}
 t - a scroll of magic mapping
Potions
 f - a potion of ambrosia {unknown}
 g - a potion of attraction {unknown}
 i - a potion of haste {unknown}
 j - 3 potions of degeneration
 n - a potion of magic {unknown}
 s - a potion of curing


   Skills:
 + Level 2.5 Fighting
 + Level 2.5 Short Blades
 + Level 2.5 Throwing
 + Level 1.7 Dodging
 + Level 5.5 Stealth


You had 4 spell levels left.
You didn't know any spells.
Your spell library contained the following spells:

 Spells                   Type           Power      Damage    Failure   Level
 Petrify                  Tmut/Erth      0%         N/A       98%         4
 Metabolic Englaciation   Hex/Ice        0%         N/A       100%        5
 Statue Form              Tmut/Erth      0%         N/A       100%        6


Dungeon Overview and Level Annotations

Branches:
Dungeon (4/15)
 Temple: D:4-7

Altars:


Innate Abilities, Weirdness & Mutations

You have extremely sharp teeth.
Your natural rate of healing is unusually fast.
When hurt, damage is shared between your health and your magic reserves.
Your bite disrupts and absorbs the magic of your enemies.
Potions cannot restore your health.


Message History

The black bear claws you but does no damage.
The black bear closely misses you.
You hit the black bear. You bite the black bear. You drain its power.
The black bear is moderately wounded.
You hit the black bear.
The black bear looks as sick as possible!
The black bear is heavily wounded.
The black bear barely misses you. x3
You hit the black bear.
The black bear is heavily wounded.
The black bear goes berserk!
Unknown command.
You hit the black bear but do no damage.
Your bite misses the black bear.
The black bear is severely wounded.
The black bear closely misses you. The black bear barely misses you.
The black bear closely misses you.
The black bear bites you but does no damage.
The black bear claws you. x2
You hit the black bear.
You bite the black bear, but do no damage.
The black bear is severely wounded.
The black bear bites you! The black bear barely misses you.
The black bear claws you but does no damage.
You hit the black bear.
The black bear looks as sick as possible!
You bite the black bear, but do no damage.
The black bear is almost dead.
The black bear barely misses you. The black bear claws you. x2
You hit the black bear.
The black bear looks as sick as possible!
Your bite misses the black bear.
The black bear is almost dead.
The black bear closely misses you. The black bear misses you.
The black bear claws you.
* * * LOW HITPOINT WARNING * * *
The black bear bites you!
* * * LOW HITPOINT WARNING * * *
The black bear claws you.
You die...

# # ****############
**###***#..,...........'
*,...,,,,..#**##......##
#,#>.,,,,,..#* #......##
#.#.#<,,,,,..* #......##
*#####.#.########.###......##
*......$....@h......+......##
**.###.#.########...#......##
*,* *,#.# **#.#.####### *,*
*,#.# #...## *,***,#.#
###..## *,,,,,#.# #...#####
******#.# #.#.##... #.#
#.#..#... #.# *####+##.#...


You could see a black bear (berserk, extremely poisoned).

Vanquished Creatures
  4 adders
  4 worms
  2 dart slugs
  4 orcs (D:3)
  4 ball pythons
  5 bats
  5 endoplasms
  9 goblins
  6 hobgoblins
  3 quokkas
  4 frilled lizards
  4 kobolds
  7 rats
61 creatures vanquished.

Vanquished Creatures (others)
  2 plants (D:3)
2 creatures vanquished.

Grand Total: 63 creatures vanquished

Notes
Turn   | Place    | Note
-------+----------+-------------------------------------------
     0 | D:1      | Zonian the Vine Stalker Brigand began the quest for the
                  | Orb.
     0 | D:1      | Reached XP level 1. HP: 11/11 MP: 2/2
   167 | D:1      | Reached skill level 1 in Dodging
   167 | D:1      | Reached XP level 2. HP: 15/15 MP: 3/3
   203 | D:1      | Reached skill level 5 in Stealth
   961 | D:2      | Reached XP level 3. HP: 18/18 MP: 4/4
  1417 | D:2      | Gained mutation: Your natural rate of healing is unusually
                  | fast. [Vine Stalker growth]
  1417 | D:2      | Reached XP level 4. HP: 22/23 MP: 5/5
  3471 | D:4      | Noticed a black bear
  3570 | D:4      | Reached XP level 5. HP: 27/27 MP: 6/6
  3685 | D:4      | HP: 1/27 [black bear (7)]
  3685 | D:4      | Slain by a black bear

Illustrated notes

Levels and vault maps discovered:
D:1:      minmay_arrival_solitary_statue, layout_loops_ring, hex_large,
          kennysheep_another_room
D:2:      layout_rooms, minmay_strange_pillars
D:3:      layout_basic, chequers_big_river, guppyfry_early_orc_mine
D:4:      kennysheep_goblin_castle, layout_basic

Skill      XL: |  1  2 |
---------------+-------+-----
Dodging        | 1 |  1.7
Fighting       | 2 |  2.5
Stealth        | 5 |  5.5
Short Blades   | 2 |  2.5
Throwing       | 2 |  2.5

Action                   |  1- 3 |  4- 6 || total
-------------------------+-------+-------++-------
Melee: Dagger            |    49 |    59 ||   108
       Bite              |     6 |    12 ||    18
Throw: Dart              |    34 |    45 ||    79
  Use: Scroll            |       |     7 ||     7
 Stab: Sleeping          |     4 |     7 ||    11
       Distracted        |       |     1 ||     1
Armor: Robe              |    18 |    14 ||    32
Dodge: Dodged            |    20 |    39 ||    59

Table legend: (Time is in decaauts)
 A = Elapsed time spent in this place.
 B = Non-inter-level travel time spent in this place.
 C = Inter-level travel time spent in this place.
 D = Time resting spent in this place.
 E = Time spent auto-exploring this place.
 F = Levels seen in this place.
 G = Mean time per level.
                   A        B        C        D        E       F      G
               +--------+--------+--------+--------+--------+-----+--------+
         Total |   3779 |   3708 |     71 |   1036 |   2028 |   4 |  944.8 |
       Dungeon |   3779 |   3708 |     71 |   1036 |   2028 |   4 |  944.8 |
               +--------+--------+--------+--------+--------+-----+--------+

Top non-repeatable levels by time:
     D:3: 1708 daAuts
     D:2: 942 daAuts
     D:1: 780 daAuts
     D:4: 348 daAuts
